Map: Jagannatha LE

Players

Vanya - Winner!

  • Race: Zerg Zerg

ziGGy

  • Race: Terran Terran

Event: DreamHack SC2 Masters 2021 Fall

VOD

Have the link to the VOD?

Description

Time

  • Played on: Aug. 5, 2021, 1:57 p.m.
  • Length: 12:32

All games in this series

Show
View Real Time Build Order
Export as new Build Order

Vanya Zerg - Winner!

Build Orders: Pool First 

Get SALT Encoding   

  12  0:00  Drone  
  13  0:11  Overlord  
  13  0:16  Drone  
  14  0:30  Drone x2  
  14  0:33  Drone  
  17  0:40  Extractor  
  16  0:45  Drone  
  17  0:50  Spawning Pool  
  17  0:55  Drone  
  17  1:15  Hatchery  
  17  1:18  Drone  
  17  1:36  Queen  
  19  1:41  Metabolic Boost  
  20  1:47  Zergling x4  
  20  1:48  Zergling x2  
  22  2:00  Overlord  
  22  2:18  Queen  
  22  2:19  Zergling x2  
  22  2:20  Zergling x2  
  26  2:27  Queen  
  28  2:31  Drone  
  29  2:39  Zergling x4  
  31  2:44  Overlord  
  31  2:47  Zergling x2  
  31  2:48  Zergling x4  
  31  2:50  Drone  
  35  3:05  Drone x2  
  36  3:13  Drone x2  
  38  3:23  Drone  
  38  3:24  Zergling x2  
  40  3:28  Hatchery  
  37  3:34  Zergling x8  
  41  3:41  Overlord  
  41  3:44  Queen  
  43  3:55  Overlord  
  43  4:00  Drone x4  
  47  4:07  Drone  
  47  4:08  Drone x2  
  47  4:09  Drone  
  51  4:20  Queen, Drone x2  
  55  4:24  Overlord  
  55  4:28  Drone x3  
  58  4:33  Overlord  
  58  4:36  Drone  
  59  4:40  Queen  
  61  4:45  Drone  
  61  4:46  Drone x2  
  61  4:48  Drone  
  65  4:53  Drone x4  
  65  4:58  Queen  
  71  5:03  Overlord  
  71  5:05  Drone x2  
  71  5:06  Drone  
  74  5:11  Lair  
  74  5:13  Extractor  
  74  5:14  Extractor, Drone  
  74  5:15  Drone  
  74  5:16  Drone  
  74  5:20  Baneling Nest  
  75  5:21  Drone x2  
  75  5:25  Drone x3  
  75  5:26  Drone  
  80  5:28  Drone  
  80  5:29  Drone  
  80  5:31  Drone  
  83  5:38  Drone  
  83  5:40  Spore Crawler  
  83  5:41  Spore Crawler  
  82  5:42  Spore Crawler  
  82  5:43  Overlord  
  82  5:46  Drone x2  
  83  5:51  Zergling x2  
  83  5:52  Zergling x4  
  86  5:58  Hatchery  
  86  5:59  Drone x2, Overlord  
  86  6:04  Evolution Chamber  
  86  6:05  Drone  
  86  6:06  Drone x2, Evolution Chamber  
  86  6:10  Drone  
  89  6:13  Extractor, Centrifical Hooks  
  89  6:14  Overlord  
  89  6:15  Extractor  
  89  6:16  Drone x2  
  89  6:19  Drone x2  
  89  6:20  Drone  
  89  6:22  Drone  
  93  6:28  Overlord x2  
  93  6:30  Zerg Ground Armor Level 1  
  92  6:33  Zerg Melee Weapons Level 1  
  92  6:36  Baneling  
  92  6:37  Baneling x4  
  92  6:38  Zergling x4  
  94  6:43  Zergling x8  
  94  6:44  Baneling x2  
  94  6:45  Baneling  
  98  6:49  Zergling x8  
  102  6:55  Zergling x10  
  102  6:59  Baneling x7  
  102  7:00  Zergling x2  
  102  7:01  Zergling x2  
  109  7:07  Drone x4  
  109  7:08  Drone  
  114  7:13  Zergling x12  
  120  7:19  Drone  
  120  7:20  Drone  
  122  7:29  Zergling x12  
  128  7:36  Hatchery  
  127  7:38  Overlord x3  
  127  7:39  Infestation Pit, Overlord  
  126  7:44  Drone  
  126  7:45  Drone  
  128  7:54  Overlord  
  128  7:55  Overlord  
  128  7:57  Drone x3  
  128  7:58  Drone  
  132  8:01  Zergling x14  
  132  8:04  Hatchery  
  133  8:08  Zergling x2  
  133  8:09  Zergling x12  
  133  8:12  Baneling x9  
  139  8:16  Hive  
  139  8:21  Drone x3  
  139  8:24  Overlord  
  139  8:25  Zergling x2  
  139  8:26  Zergling x10  
  148  8:29  Zerg Ground Armor Level 2  
  148  8:32  Zerg Melee Weapons Level 2  
  148  8:39  Zergling x2  
  148  8:40  Zergling x14  
  150  8:55  Drone x5  
  152  8:56  Zergling x10  
  152  8:57  Zergling x10  
  152  8:58  Baneling x10  
  152  8:59  Baneling x2  
  162  9:07  Overseer  
  162  9:08  Pneumatized Carapace  
  162  9:10  Zergling x12  
  168  9:20  Zergling x2  
  168  9:21  Zergling x14  
  174  9:26  Extractor  
  174  9:27  Drone x3  
  174  9:28  Drone, Adrenal Glands  
  174  9:30  Overlord x2, Ultralisk Cavern  
  176  9:37  Zergling x20  
  175  9:50  Zergling x20  
  137  9:57  Baneling x4  
  137  9:58  Zergling x2, Baneling x5  
  137  9:59  Zergling x12  
  140  10:00  Baneling x16  
  140  10:05  Zergling x10  
  145  10:08  Baneling x9  
  139  10:16  Zergling x2  
  139  10:17  Zergling x20  
  128  10:22  Zergling x8  
  128  10:32  Chitinous Plating  
  128  10:34  Zergling x18, Ultralisk  
  143  10:38  Zergling x10  
  148  10:46  Drone x3  
  151  10:55  Drone  
  151  10:56  Extractor  
  152  10:57  Drone x3  
  154  11:06  Zergling x2, Ultralisk  
  154  11:07  Zergling x10  
  166  11:15  Hatchery  
  166  11:16  Queen  
  166  11:17  Queen  
  169  11:24  Zergling x34  
  183  11:33  Drone x3  
  183  11:39  Zergling x24  
  173  11:47  Baneling  
  173  11:48  Zergling x12, Baneling x7  
  191  12:03  Overlord  
  181  12:13  Zergling x26  
  160  12:23  Spire  
Show
View Real Time Build Order
Export as new Build Order

ziGGy Terran 

Build Orders:  

Get SALT Encoding   

  12  0:00  SCV  
  13  0:12  SCV  
  14  0:17  Supply Depot  
  14  0:24  SCV  
  15  0:39  SCV  
  15  0:42  Barracks  
  16  0:43  Refinery  
  16  0:51  SCV  
  17  0:59  Barracks  
  17  1:03  SCV  
  18  1:15  SCV  
  19  1:29  Reaper, Orbital Command  
  20  1:36  Barracks  
  20  1:41  Refinery  
  20  1:46  Reaper  
  21  1:53  Supply Depot  
  21  1:57  SCV  
  22  2:03  Reaper  
  23  2:14  SCV  
  24  2:18  Reaper  
  25  2:24  Reaper  
  26  2:35  Reaper  
  27  2:39  Command Center  
  26  2:49  Supply Depot  
  26  2:50  Reaper  
  27  2:53  SCV  
  27  2:56  Reaper  
  29  3:14  Reaper  
  29  3:16  SCV  
  29  3:29  Reaper  
  28  3:36  SCV  
  28  3:37  Command Center  
  29  3:46  Factory  
  30  3:48  SCV  
  30  3:54  Orbital Command  
  30  3:59  Marine  
  30  4:00  SCV  
  30  4:01  Marine  
  33  4:04  Barracks Tech Lab  
  33  4:12  SCV  
  34  4:19  SCV  
  35  4:24  Marine, SCV, Stimpack  
  37  4:31  SCV, Factory Tech Lab  
  37  4:37  SCV  
  39  4:43  SCV  
  39  4:44  Barracks Reactor  
  40  4:47  Marine  
  40  4:49  Barracks Reactor, SCV  
  40  4:50  Orbital Command  
  40  4:51  Siege Tank  
  45  4:55  SCV  
  46  5:01  SCV  
  46  5:02  Engineering Bay  
  46  5:03  Engineering Bay  
  47  5:07  SCV  
  47  5:10  Refinery  
  47  5:12  Refinery  
  47  5:13  SCV  
  49  5:15  SCV  
  49  5:20  SCV  
  51  5:23  Siege Tank  
  51  5:25  SCV  
  51  5:27  SCV  
  56  5:30  Terran Infantry Weapons Level 1  
  56  5:31  Marine x3  
  56  5:32  Marine, SCV  
  56  5:35  Terran Infantry Armor Level 1  
  61  5:37  SCV  
  61  5:39  SCV  
  61  5:40  Supply Depot  
  63  5:44  SCV  
  63  5:45  Supply Depot  
  63  5:47  Supply Depot  
  63  5:49  SCV  
  65  5:52  SCV  
  65  5:56  SCV  
  67  5:57  Starport  
  67  6:01  Marine  
  67  6:02  Siege Tank  
  71  6:05  SCV, Orbital Command  
  71  6:08  SCV  
  71  6:10  Marine x4  
  77  6:18  SCV  
  78  6:19  Marine  
  78  6:20  SCV  
  80  6:27  Supply Depot x2  
  80  6:28  Marine x4  
  80  6:30  SCV  
  80  6:32  SCV  
  86  6:33  SCV  
  86  6:34  Starport Reactor  
  86  6:36  Armory  
  87  6:42  SCV  
  87  6:43  Siege Tank  
  87  6:44  SCV, Combat Shield  
  87  6:45  SCV  
  93  6:52  Supply Depot  
  93  6:54  SCV  
  93  6:55  Supply Depot  
  93  6:56  SCV  
  93  6:57  Marine x2, SCV  
  93  7:01  Marine x2  
  100  7:02  Marine  
  100  7:06  SCV  
  100  7:07  Refinery  
  102  7:08  SCV  
  102  7:11  Medivac x2  
  102  7:15  SCV  
  108  7:18  Siege Tank  
  108  7:19  Marine x2  
  108  7:20  Marine  
  108  7:22  SCV  
  115  7:25  Refinery  
  115  7:27  Terran Infantry Weapons Level 2  
  115  7:36  Terran Infantry Armor Level 2  
  115  7:38  SCV x2  
  115  7:40  Marine x4  
  121  7:47  Medivac x2  
  125  7:54  Supply Depot x2  
  125  7:55  Supply Depot  
  123  8:07  Marine x4  
  123  8:08  Marine  
  123  8:09  Siege Tank  
  120  8:13  SCV x2  
  120  8:14  SCV  
  120  8:17  Barracks  
  120  8:18  Barracks  
  120  8:19  Factory  
  123  8:20  Medivac x2  
  123  8:25  Marine x2  
  123  8:26  SCV x2  
  131  8:39  Marine x3  
  134  8:41  SCV x2  
  134  8:46  Sensor Tower  
  134  8:48  Command Center  
  136  8:50  Marine x2  
  136  8:51  Siege Tank  
  138  8:57  Marine x3  
  138  9:01  Medivac x2  
  145  9:04  Factory Tech Lab  
  145  9:08  Marine x2  
  147  9:14  Barracks Reactor x2, Marine  
  148  9:21  Marine  
  149  9:25  Supply Depot  
  149  9:26  Marine x2, Supply Depot  
  149  9:27  Siege Tank x2  
  157  9:43  Supply Depot  
  157  9:44  Supply Depot  
  157  9:45  Marine  
  157  9:46  Marine x4, Liberator x2  
  157  9:50  Marine x4  
  145  9:59  Siege Tank  
  148  10:03  Marine  
  148  10:04  Marine x4  
  153  10:08  Marine  
  153  10:10  Marine x2  
  154  10:14  Marine  
  154  10:21  Marine  
  143  10:23  Marine x4  
  143  10:24  Siege Tank  
  141  10:29  Liberator  
  141  10:30  Marine x2  
  141  10:31  Siege Tank  
  141  10:33  Marine x2  
  141  10:35  Supply Depot  
  151  10:36  Engineering Bay  
  151  10:38  Marine  
  151  10:40  Marine x2  
  154  10:46  Barracks  
  154  10:48  Marine x3  
  154  10:49  Barracks  
  157  10:50  SCV x3  
  157  10:53  Planetary Fortress  
  157  10:56  Marine x3  
  163  11:00  Marine x2  
  163  11:02  SCV  
  166  11:07  Sensor Tower  
  166  11:08  Siege Tank  
  169  11:14  Liberator x2  
  169  11:17  Marine x4  
  179  11:23  Marine x3  
  179  11:24  Marine x2  
  184  11:29  Refinery  
  184  11:30  Refinery  
  184  11:35  Marine x2  
  166  11:42  Marine x2  
  166  11:44  Barracks Tech Lab x2, Marauder  
  166  11:45  Siege Tank x2  
  166  11:46  Marine x4  
  174  11:47  Ghost Academy  
  174  11:49  Command Center  
  174  11:53  Marine x2  
  176  12:00  Marine, Missile Turret x2  
  180  12:05  Marine x3, Marauder  

Tags
 
Add a new tag
Caveats
  • Supply blocks, unpowered buildings, or Contaminate may cause inaccurate times.
  • Supply counts are checked every 10 seconds.